Map: Arctic Dream LE

Players

FragEmALL

  • Race: Zerg Zerg
  • Spawn Location: 11:00

KillEmAll

  • Race: Terran Terran
  • Spawn Location: 12:00

qqq - Winner!

  • Race: Zerg Zerg
  • Spawn Location: 5:00

Massa - Winner!

  • Race: Terran Terran
  • League: Platinum
  • Spawn Location: 6:00

VOD

Have the link to the VOD?

Description

Time

  • Played on: Oct. 4, 2020, 10:24 a.m.
  • Length: 15:39
Show
View Real Time Build Order
Export as new Build Order

FragEmALL Zerg 

Build Orders: Pool First, Zergling Baneling 

Get SALT Encoding   

  12  0:00  Drone  
  13  0:13  Overlord  
  13  0:20  Drone  
  14  0:32  Drone x2  
  14  0:35  Drone  
  17  0:46  Drone  
  18  0:52  Spawning Pool  
  18  0:55  Extractor  
  16  0:58  Drone  
  17  1:07  Drone  
  18  1:22  Drone  
  19  1:35  Hatchery  
  19  1:37  Drone  
  19  1:38  Queen  
  21  1:42  Overlord  
  21  1:50  Drone  
  22  1:57  Metabolic Boost  
  22  2:02  Overlord  
  22  2:16  Drone  
  23  2:30  Baneling Nest  
  22  2:38  Spine Crawler  
  22  2:39  Zergling x4  
  23  2:55  Zergling x6  
  26  3:04  Zergling x6  
  26  3:05  Zergling x2  
  30  3:09  Zergling x2  
  31  3:15  Zergling x2  
  32  3:20  Zergling x2  
  32  3:24  Zergling x2  
  32  3:26  Queen  
  36  3:30  Lair  
  36  3:31  Zergling x2  
  37  3:35  Baneling  
  37  3:36  Baneling x3  
  37  3:47  Baneling  
  37  3:48  Zergling x6  
  30  4:18  Zergling x14  
  30  4:19  Baneling  
  30  4:21  Baneling x3  
  30  4:57  Extractor, Drone x2  
  30  4:58  Drone x4  
  28  5:07  Spine Crawler  
  27  5:16  Drone x2  
  27  5:18  Spine Crawler  
  27  5:20  Extractor  
  27  5:31  Spire  
  25  5:45  Zergling x6  
  25  5:46  Zergling x12  
  27  5:59  Zergling x6  
  27  6:00  Zergling x2  
  29  6:20  Drone x6  
  34  6:44  Overlord  
  34  6:47  Overlord  
  34  6:49  Overlord  
  34  6:56  Baneling  
  34  6:57  Baneling x3  
  35  7:01  Drone  
  35  7:02  Queen  
  35  7:18  Queen  
  37  7:33  Mutalisk x3  
  43  7:47  Drone x3  
  43  7:48  Drone  
  47  7:58  Drone x2  
  47  7:59  Drone  
  50  8:09  Extractor  
  50  8:12  Mutalisk  
  51  8:30  Drone x3  
  51  8:31  Drone x4  
  51  8:32  Drone  
  59  8:45  Overlord  
  59  8:47  Overlord  
  59  8:52  Pneumatized Carapace  
  59  8:59  Zerg Flyer Weapons Level 1  
  59  9:02  Overlord  
  59  9:04  Overlord  
  59  9:06  Mutalisk  
  61  9:13  Mutalisk  
  61  9:15  Mutalisk  
  65  9:23  Overseer  
  65  9:27  Mutalisk x2  
  65  9:29  Mutalisk  
  71  9:38  Mutalisk  
  71  9:39  Mutalisk  
  71  9:41  Mutalisk  
  77  9:47  Spore Crawler  
  69  9:58  Mutalisk x3  
  72  10:07  Mutalisk  
  74  10:20  Mutalisk  
  74  10:36  Hatchery  
  74  10:41  Mutalisk x2  
  77  11:03  Drone x3  
  77  11:04  Drone x2  
  82  11:09  Zerg Flyer Armor Level 1  
  82  11:23  Hydralisk Den  
  82  11:25  Overlord x5  
  81  11:26  Extractor  
  78  11:46  Mutalisk x4  
  76  12:01  Mutalisk x3  
  82  12:14  Drone, Queen  
  82  12:15  Drone x7  
  92  12:19  Extractor  
  80  12:48  Mutalisk x5  
  90  12:52  Drone x5  
  90  12:53  Drone x3  
  98  13:03  Overlord  
  98  13:04  Overlord x2  
  98  13:09  Zerg Flyer Weapons Level 2  
  82  13:46  Mutalisk  
  82  13:47  Mutalisk x3  
  78  14:03  Mutalisk  
  74  14:14  Drone x5  
  79  14:20  Hatchery  
  78  14:33  Drone x3  
  76  14:52  Drone  
  76  14:53  Drone x3  
  79  15:12  Spawning Pool  
Show
View Real Time Build Order
Export as new Build Order

KillEmAll Terran 

Build Orders: 2 Factory 

Get SALT Encoding   

  12  0:00  SCV  
  13  0:13  SCV  
  14  0:25  SCV  
  15  0:30  Supply Depot  
  15  0:31  Refinery  
  15  0:55  Barracks  
  15  0:56  Barracks  
  15  0:58  SCV  
  16  1:10  SCV  
  17  1:22  SCV  
  18  1:34  SCV  
  19  1:42  Supply Depot  
  19  1:44  Reaper  
  19  1:45  Reaper  
  19  1:46  SCV  
  22  1:51  Refinery  
  22  1:58  SCV  
  23  2:10  SCV  
  23  2:14  Factory  
  24  2:19  Marine x2  
  26  2:29  Orbital Command  
  26  2:34  Supply Depot  
  26  2:37  Marine x2  
  28  3:02  Factory Tech Lab  
  28  3:03  Supply Depot  
  28  3:05  Factory  
  28  3:22  Marine x2  
  28  3:23  Siege Tank  
  33  3:30  SCV, Engineering Bay  
  33  3:50  Factory Tech Lab  
  33  3:57  Command Center  
  33  4:01  Barracks Reactor, Barracks Tech Lab  
  32  4:09  SCV  
  33  4:13  Missile Turret  
  33  4:22  Siege Tank  
  33  4:23  Marine  
  37  4:38  Supply Depot  
  37  4:40  Siege Tank  
  37  4:44  Stimpack  
  29  5:12  Marine x3  
  29  5:13  Siege Tank x2  
  37  5:22  Supply Depot  
  37  5:31  Marine x3  
  37  5:35  SCV  
  41  5:47  Siege Tank  
  44  5:53  Refinery  
  40  6:08  Marine x2  
  40  6:09  Marine  
  40  6:10  Siege Tank  
  42  6:18  Supply Depot  
  42  6:26  Marine, Siege Tank  
  42  6:30  Orbital Command  
  46  6:38  Combat Shield  
  46  6:40  SCV  
  47  6:47  Supply Depot  
  47  6:51  Marine  
  49  6:54  SCV  
  49  6:58  SCV  
  50  7:12  SCV x2  
  50  7:13  Starport  
  50  7:15  Marine  
  52  7:16  Refinery  
  53  7:27  SCV x2  
  55  7:30  Starport  
  51  7:50  Siege Tank x2  
  51  7:51  Marine x3  
  58  7:52  Starport Reactor  
  60  8:00  SCV, Armory  
  60  8:01  SCV  
  62  8:09  Starport Tech Lab, Marine x2  
  64  8:17  Missile Turret  
  64  8:18  SCV x2  
  45  8:45  SCV x2  
  46  8:55  Medivac x2  
  46  8:57  SCV x2  
  52  9:09  SCV x2  
  54  9:21  SCV x2  
  56  9:33  SCV x2  
  56  9:34  Siege Tank x2  
  65  9:45  SCV x2  
  66  9:53  Marine x3  
  66  9:57  SCV x2  
  71  10:10  Thor  
  71  10:30  SCV  
  71  10:31  SCV  
  73  10:37  Supply Depot  
  73  10:51  Viking  
  71  11:02  Command Center  
  66  11:06  Medivac  
  66  11:09  SCV x2  
  70  11:11  Supply Depot  
  70  11:19  Siege Tank  
  70  11:21  SCV x2  
  75  11:28  Terran Infantry Weapons Level 1  
  75  11:29  Terran Vehicle Weapons Level 1  
  75  11:33  SCV x2  
  75  11:37  Supply Depot  
  77  11:46  SCV x2  
  79  11:51  Thor  
  79  11:53  Marine  
  79  11:54  Marine x2  
  87  12:00  SCV x2  
  90  12:01  Supply Depot  
  90  12:16  Refinery  
  90  12:17  Thor  
  90  12:18  Smart Servos  
  96  12:25  Orbital Command  
  96  12:28  Refinery  
  93  12:50  Thor  
  99  12:51  Marine x3  
  78  13:09  Marine x3  
  81  13:14  Siege Tank  
  84  13:33  Marine x2  
  83  13:39  Raven  
  83  13:41  Viking  
  72  13:55  Marine x3  
  69  14:03  Supply Depot  
  67  14:22  Raven  
  69  14:24  SCV x2  
  71  14:32  Thor x2  
  71  14:33  Marine x3  
  86  14:41  Factory  
  86  14:42  Supply Depot  
  86  14:51  Marine  
  87  14:54  SCV  
  87  14:55  SCV  
  89  15:04  Marine x2  
  91  15:09  Supply Depot  
  91  15:17  SCV x2  
Show
View Real Time Build Order
Export as new Build Order

qqq Zerg - Winner!

Build Orders: Hatch First, Swarm Host, Zergling Baneling 

Get SALT Encoding   

  12  0:00  Drone  
  13  0:10  Drone  
  14  0:36  Hatchery  
  14  0:38  Drone  
  14  0:54  Spawning Pool  
  13  1:00  Overlord  
  13  1:04  Drone  
  13  1:09  Extractor  
  13  1:12  Drone  
  14  1:25  Drone x2  
  16  1:38  Drone  
  17  2:01  Queen  
  17  2:02  Drone x2  
  17  2:03  Drone  
  17  2:04  Drone  
  23  2:15  Drone  
  24  2:16  Queen  
  24  2:19  Drone  
  27  2:23  Overlord  
  27  2:34  Drone  
  28  2:37  Metabolic Boost  
  28  2:42  Zergling x4  
  28  2:44  Overlord  
  30  2:54  Zergling x2  
  31  2:59  Baneling Nest  
  31  3:05  Extractor  
  29  3:11  Zergling x4  
  29  3:12  Zergling x4  
  34  3:14  Drone x3  
  37  3:28  Zergling x4  
  37  3:29  Zergling x2  
  40  3:35  Zergling x4, Overlord  
  42  3:47  Baneling x4  
  42  3:48  Zergling x4  
  42  3:51  Overlord  
  42  3:54  Zergling x2  
  42  3:55  Zergling x4  
  47  4:07  Zergling x2  
  39  4:18  Zergling x2  
  39  4:19  Zergling x8  
  39  4:21  Baneling x4  
  39  4:22  Baneling  
  44  4:45  Zergling x8  
  46  4:46  Drone x2, Zergling x2  
  46  4:47  Zergling x2  
  46  4:52  Lair  
  41  5:08  Zergling x4  
  41  5:09  Zergling x4  
  41  5:10  Baneling x2  
  41  5:11  Baneling x2  
  41  5:13  Zergling x2  
  46  5:19  Roach Warren  
  45  5:22  Drone x2  
  45  5:23  Zergling x2  
  48  5:29  Zergling x2  
  48  5:30  Zergling x4  
  48  5:34  Hatchery  
  48  5:46  Zergling x2  
  48  5:47  Zergling x4  
  43  6:04  Zergling x6  
  43  6:05  Zergling x8  
  46  6:14  Baneling x4  
  46  6:15  Zergling x2  
  47  6:19  Drone  
  47  6:20  Roach  
  47  6:21  Roach  
  47  6:24  Overlord  
  52  6:26  Overlord  
  52  6:50  Roach x2  
  52  6:51  Drone x4  
  60  6:55  Queen  
  60  6:56  Drone  
  60  6:59  Glial Reconstitution  
  63  7:03  Drone x4  
  63  7:06  Extractor  
  66  7:20  Roach  
  66  7:21  Roach  
  66  7:22  Drone, Overlord  
  71  7:23  Overlord x2  
  71  7:31  Queen  
  66  7:43  Zergling x6  
  66  7:44  Drone x2, Zergling x2  
  63  7:45  Drone x4  
  69  7:56  Roach  
  71  8:07  Drone x4  
  71  8:11  Extractor  
  71  8:12  Extractor  
  73  8:14  Drone x3  
  73  8:15  Drone  
  73  8:18  Zergling x2, Roach  
  80  8:22  Hatchery  
  80  8:25  Hatchery  
  78  8:38  Drone x2  
  78  8:39  Drone x2  
  82  8:47  Infestation Pit  
  81  8:50  Nydus Network, Roach x4  
  88  8:57  Roach x2  
  88  8:58  Zergling x4  
  88  8:59  Zergling x6  
  88  9:01  Overlord x2  
  97  9:12  Overlord x5  
  97  9:19  Evolution Chamber  
  97  9:23  Swarm Host  
  97  9:24  Swarm Host  
  96  9:25  Hydralisk Den  
  96  9:26  Swarm Host  
  96  9:28  Drone  
  96  9:29  Drone  
  106  9:34  Drone x3  
  109  9:40  Swarm Host x2  
  115  9:48  Swarm Host  
  114  10:00  Spore Crawler  
  114  10:06  Spore Crawler  
  111  10:07  Hydralisk x4, Spore Crawler  
  111  10:08  Hydralisk, Spore Crawler  
  111  10:11  Spore Crawler  
  111  10:12  Spore Crawler  
  111  10:13  Drone, Hydralisk  
  120  10:29  Nydus Canal  
  120  10:31  Drone x8  
  120  10:32  Drone, Swarm Host  
  132  10:39  Swarm Host  
  132  10:41  Drone x3  
  138  10:45  Hydralisk x2  
  141  11:12  Hydralisk x2  
  141  11:13  Hydralisk  
  141  11:15  Grooved Spines  
  147  11:26  Zerg Missile Weapons Level 1  
  147  11:27  Drone x4  
  147  11:29  Extractor  
  147  11:30  Spore Crawler  
  147  11:31  Extractor, Spore Crawler  
  147  11:35  Extractor x2  
  145  11:51  Nydus Canal  
  145  11:52  Drone x2  
  145  11:53  Hydralisk x2  
  151  12:11  Overlord x7  
  151  12:12  Overlord x2  
  151  12:21  Nydus Canal  
  151  12:27  Muscular Augments  
  147  12:44  Hydralisk x6  
  143  12:45  Hydralisk x4  
  143  12:48  Drone x3  
  166  12:54  Overlord  
  162  13:01  Hydralisk x3  
  162  13:02  Hydralisk x2  
  162  13:04  Drone  
  169  13:13  Drone  
  170  13:20  Zerg Ground Armor Level 1  
  170  13:21  Nydus Canal  
  170  13:22  Hydralisk  
  170  13:23  Hatchery, Hydralisk x5  
  181  13:28  Hydralisk x2  
  181  13:29  Hydralisk x3  
  181  13:30  Swarm Host x2  
  197  13:34  Drone  
  197  13:35  Drone  
  175  14:04  Nydus Canal  
  175  14:05  Hydralisk x3  
  175  14:06  Swarm Host x7  
  175  14:08  Drone x3  
  193  14:19  Swarm Host x2  
  199  14:35  Evolution Chamber  
  198  14:42  Nydus Canal  
  196  14:50  Drone x2  
  196  14:51  Drone  
  199  15:14  Spore Crawler  
  198  15:16  Spore Crawler  
Show
View Real Time Build Order
Export as new Build Order

Massa Terran - Winner!

Build Orders: Reaper Expand 

Get SALT Encoding   

  12  0:00  SCV  
  13  0:12  SCV  
  14  0:17  Supply Depot  
  14  0:24  SCV  
  15  0:38  SCV  
  15  0:39  Barracks  
  16  0:46  Refinery  
  16  0:50  SCV  
  17  1:03  SCV  
  18  1:15  SCV  
  19  1:27  Orbital Command  
  19  1:30  Reaper  
  20  1:38  Supply Depot  
  20  1:50  Command Center  
  20  1:53  SCV  
  21  2:02  Marine  
  22  2:08  SCV  
  23  2:16  Factory  
  23  2:32  Barracks Reactor  
  23  2:34  SCV  
  23  2:36  Refinery  
  24  2:39  Barracks  
  24  2:51  SCV  
  25  3:03  SCV  
  26  3:13  Hellion, Marine x2  
  30  3:23  SCV  
  30  3:25  Orbital Command  
  31  3:31  Marine  
  31  3:33  Starport, Barracks Tech Lab  
  32  3:35  Hellion  
  33  4:06  Hellion x2  
  37  4:16  Marauder  
  39  4:18  Marine  
  40  4:28  Hellion  
  42  4:36  Marine  
  42  4:38  Marauder  
  44  4:49  Hellion  
  46  5:17  Supply Depot  
  46  5:19  Supply Depot  
  46  5:20  Supply Depot  
  46  5:21  Supply Depot x2  
  46  5:22  Marine  
  46  5:23  SCV  
  46  5:27  SCV  
  45  5:35  SCV  
  46  5:39  SCV, Hellion, Marauder  
  46  5:40  Marine  
  48  5:47  SCV  
  44  5:54  Hellion  
  44  5:55  Medivac  
  45  5:58  Marine  
  45  6:01  Hellion, Marauder  
  45  6:02  Barracks  
  50  6:05  Barracks x2  
  49  6:12  Command Center  
  48  6:22  Marauder  
  48  6:25  Medivac  
  51  6:31  Factory Tech Lab  
  51  6:32  Stimpack  
  51  6:40  Marine x2  
  51  6:43  Marauder  
  51  6:45  SCV x2  
  57  6:57  SCV x2  
  57  6:58  Marine x2  
  61  7:02  Infernal Pre-Igniter  
  61  7:05  Marauder  
  61  7:06  Viking  
  61  7:08  Barracks Reactor  
  65  7:09  SCV  
  65  7:11  Barracks Reactor  
  65  7:12  Barracks Tech Lab  
  66  7:17  Siege Tank  
  69  7:23  Refinery  
  69  7:24  Refinery, Orbital Command  
  69  7:25  SCV  
  69  7:26  SCV  
  71  7:36  Viking  
  73  7:38  SCV x2  
  75  7:45  Marine x2  
  75  7:47  Marine x2  
  75  7:48  Marauder x2, Marine x2  
  75  7:49  Siege Tank  
  88  8:03  Marine x2  
  88  8:04  SCV x3  
  88  8:05  Marine x2  
  94  8:06  Marine x2  
  94  8:09  Marauder x2  
  94  8:12  Engineering Bay  
  101  8:25  SCV x2  
  101  8:29  Marine x2  
  101  8:37  Marine  
  101  8:38  SCV, Marauder  
  93  8:45  Medivac  
  93  8:47  Siege Tank  
  94  8:52  Supply Depot x2  
  94  8:53  Supply Depot  
  94  8:54  Missile Turret  
  94  8:55  Supply Depot x2  
  94  8:56  Terran Infantry Weapons Level 1  
  94  8:58  SCV x3, Missile Turret  
  94  8:59  Missile Turret  
  97  9:09  Missile Turret x2  
  97  9:10  SCV x2  
  97  9:15  Medivac  
  101  9:22  SCV  
  101  9:23  SCV  
  103  9:26  Orbital Command, Engineering Bay  
  103  9:30  Armory  
  103  9:34  SCV, Armory, Missile Turret  
  103  9:35  SCV  
  105  9:40  Marauder x2, Marine x3  
  105  9:41  Marine  
  105  9:45  Siege Tank  
  116  9:47  SCV  
  117  9:53  Missile Turret  
  117  9:56  SCV x2  
  117  9:59  SCV  
  120  10:01  Marauder x2  
  120  10:02  Concussive Shells, Combat Shield  
  124  10:15  Missile Turret  
  122  10:35  Missile Turret x2  
  122  10:37  Missile Turret  
  122  10:40  Marauder  
  122  10:41  Marauder, Marine x5  
  122  10:42  Marine  
  132  10:53  Sensor Tower  
  132  10:57  Starport Reactor  
  132  10:59  Missile Turret  
  132  11:01  Refinery  
  132  11:02  Refinery, Marauder x2  
  136  11:04  Missile Turret  
  136  11:08  Sensor Tower  
  136  11:10  Marine x3  
  139  11:23  Marauder  
  141  11:26  Missile Turret  
  141  11:33  Supply Depot x3  
  141  11:34  Supply Depot x2  
  141  11:36  Supply Depot  
  141  11:37  Supply Depot  
  141  11:38  Marauder  
  140  11:51  Missile Turret x2  
  140  11:53  Missile Turret  
  140  11:55  Marauder, Siege Tank  
  140  11:59  Marauder, Supply Depot  
  145  12:07  Missile Turret  
  145  12:10  Missile Turret  
  145  12:15  Marine x4  
  147  12:16  Marauder  
  147  12:18  Medivac x2  
  147  12:21  Marauder  
  157  12:27  Siege Tank  
  160  12:48  Medivac x2  
  164  13:03  Command Center  
  164  13:05  Missile Turret x2  
  157  13:08  Missile Turret  
  157  13:10  Missile Turret  
  149  13:18  Medivac x2  
  153  13:28  Missile Turret  
  153  13:30  Missile Turret  
  115  13:54  Marauder x2  
  97  13:56  Marine x6  
  99  14:03  Siege Tank  
  90  14:13  Marine  
  90  14:14  Marine x5  
  90  14:16  Marauder x2  
  100  14:18  Viking x2  
  100  14:22  Orbital Command  
  104  14:25  SCV x2  
  106  14:31  Marine  
  106  14:32  Marine x5  
  106  14:37  Marauder x2  
  116  14:48  Viking  
  116  14:49  Marine  
  116  14:50  Marine x5  
  124  14:58  Marauder  
  124  14:59  Marauder  
  128  15:08  Sensor Tower  
  132  15:22  Refinery  
  132  15:24  Refinery  
  132  15:27  Missile Turret  
  132  15:28  Missile Turret x2  
  132  15:30  Missile Turret  
Tags
 
Add a new tag
Caveats
  • Supply blocks, unpowered buildings, or Contaminate may cause inaccurate times.
  • Supply counts are checked every 10 seconds.